 Dungeon Crawl Stone Soup version 0.28-a0-511-gcc94558de3 (webtiles) character file.

Game seed: 14806100101557623813

67 willcat the Sneak (level 4, 0/31 HPs)
             Began as an Octopode Delver on Sept 21, 2021.
             Slain by an orc (5 damage)
             ... on level 5 of the Dungeon.
             The game lasted 00:00:19 (77 turns).

willcat the Sneak (Octopode Delver)                   Turns: 77, Time: 00:00:19

Health: 0/31       AC:  1    Str: 11    XL:     4   Next: 18%
Magic:  4/4        EV: 13    Int: 13    God:
Gold:   0          SH:  0    Dex: 13    Spells: 3/3 levels left

rFire   . . .      SeeInvis .   a - +0 short sword
rCold   . . .      Faith    .   (no shield)
rNeg    . . .      Spirit   .   (helmet restricted)
rPois   .          Reflect  .   (no amulet)
rElec   .          Harm     .   (no ring)
rCorr   .          Rampage  .   (no ring)
Will    .....                   (no ring)
Stlth   ++++......              (no ring)
HPRegen 0.10/turn               (no ring)
MPRegen 0.09/turn               (no ring)
                                (no ring)
                                (no ring)

@: no status effects
A: almost no armour, amphibious, 8 rings, camouflage 1, gelatinous body 1,
(nimble swimmer 1), tentacles
a: no special abilities


You were on level 5 of the Dungeon.
You visited 1 branch of the dungeon, and saw 1 of its levels.

Inventory:

Hand Weapons
 a - a +0 short sword (weapon)
Wands
 f - a wand of digging (3)
Scrolls
 b - a scroll of fog
 c - a scroll of magic mapping
 d - a scroll of fear
Potions
 e - a potion of haste


   Skills:
 - Level 3.0 Fighting
 + Level 2.9 Short Blades
 + Level 2.9 Dodging
 + Level 7.3 Stealth


You had 3 spell levels left.
You didn't know any spells.
Your spell library was empty.

Dungeon Overview and Level Annotations

Branches:
Dungeon (5/15)
 Temple: D:4-7

Altars:

Annotations:
D:5 Ijyb


Innate Abilities, Weirdness & Mutations

You cannot wear most types of armour.
You are amphibious.
You can wear up to eight rings at the same time.
Your skin changes colour to match your surroundings (Stealth+).
Your rubbery body absorbs attacks. (AC +1, EV +1)
((You are camouflaged near water. (Stealth+)))
You have tentacles for arms and can constrict up to eight enemies at once.


Message History

The bullfrog skeleton is severely damaged.
You constrict the bullfrog skeleton. The bullfrog skeleton hits you.
You hit the bullfrog skeleton.
Your squeeze misses the bullfrog skeleton.
The bullfrog skeleton is almost destroyed.
You constrict the bullfrog skeleton. The bullfrog skeleton hits you!
The bullfrog skeleton misses you.
You barely miss the bullfrog skeleton. You squeeze the bullfrog skeleton.
You destroy the bullfrog skeleton!
The orc barely misses you.
You have reached level 4!
You hit the orc. You grab the orc.
The orc is moderately wounded.
You constrict the orc.
The orc hits you with a +2 hand axe of freezing.
The orc freezes you.
* * * LOW HITPOINT WARNING * * *
The orc misses you.
You release your grip on the orc.
An orc priest comes into view. It is wielding a +0 whip.
An ice beast comes into view.
The orc priest casts a cantrip, but nothing happens.
An orc wizard comes into view.
It is wielding a +0 dagger and carrying a wand of charming (11).
The orc misses you. The orc barely misses you.
You see here 2 brown potions.
The orc wizard closely misses you.
The orc wizard points at you and mumbles some strange words.
The magic dart hits you!
* * * LOW HITPOINT WARNING * * *
Ijyb the Twisted Goblin comes into view.
She is wielding a +4 dagger of holy wrath and carrying a wand of paralysis (7).
A hound skeleton comes into view.
Okay, then.
The orc priest miscasts a cantrip.
The orc wizard mumbles some strange words.
The orc wizard flickers and vanishes!
Deactivating autopickup; reactivate with Ctrl-A.
The ice beast closely misses you. The orc hits you with a +0 short sword.
You die...

#. ..##.......#
####.####.##.......#
#.........##.......#
#.........##.......#
#.Z......#........#
#........#........#
#.##.......#####..#
#..........######.#
#....@oo......o.!.#
...(####Y.......###..#
# #......#######.#
...##..###.....# .#
..............#......
......#...##..# .....
.#####..#........ ....
#.##....####.. .. #.
..##..#


You could see an ice beast, an orc priest, an orc and a hound skeleton
(wandering).

Vanquished Creatures
  A howler monkey (D:5)
  A bullfrog skeleton (D:5)
2 creatures vanquished.

Notes
Turn   | Place    | Note
-------+----------+-------------------------------------------
     0 | D:5      | willcat the Octopode Delver began the quest for the Orb.
     0 | D:5      | Reached XP level 1. HP: 16/16 MP: 1/1
     5 | D:5      | Noticed a howler monkey
    20 | D:5      | Killed a howler monkey
    21 | D:5      | Reached skill level 7 in Stealth
    21 | D:5      | Reached XP level 2. HP: 19/21 MP: 2/2
    21 | D:5      | Reached XP level 3. HP: 24/26 MP: 3/3
    49 | D:5      | Reached XP level 4. HP: 18/31 MP: 4/4
    52 | D:5      | Noticed an ice beast
    69 | D:5      | Noticed Ijyb
    77 | D:5      | Slain by an orc

Illustrated notes

Levels and vault maps discovered:
D:5:      minmay_evil_eye, layout_rooms, uniq_ijyb

Skill      XL: |  1 |
---------------+----+-----
Stealth        | 7 |  7.3
Fighting       | |  3.0
Short Blades   | |  2.9
Dodging        | |  2.9

Action                   |  1- 3 |  4- 6 || total
-------------------------+-------+-------++-------
Melee: Short sword       |    11 |     1 ||    12
       Constrict         |     2 |     1 ||     3
       Tentacles         |     3 |       ||     3
Dodge: Dodged            |     7 |     5 ||    12

Table legend: (Time is in decaauts)
 A = Elapsed time spent in this place.
 B = Non-inter-level travel time spent in this place.
 C = Inter-level travel time spent in this place.
 D = Time resting spent in this place.
 E = Time spent auto-exploring this place.
 F = Levels seen in this place.
 G = Mean time per level.
                   A        B        C        D        E       F      G
               +--------+--------+--------+--------+--------+-----+--------+
         Total |     76 |     76 |      0 |      0 |     22 |   1 |   76.0 |
       Dungeon |     76 |     76 |      0 |      0 |     22 |   1 |   76.0 |
               +--------+--------+--------+--------+--------+-----+--------+

Top non-repeatable levels by time:
     D:5: 76 daAuts
